 Dungeon Crawl Stone Soup version 0.22-a0-136-g83a10e5 (webtiles) character file.

39 Borgoz the Skirmisher (level 3, 0/31 HPs)
             Began as a Ghoul Abyssal Knight on Feb 4, 2018.
             Was a Follower of Lugonu.
             Slain by Robin
             ... wielding a +0 dagger
              (2 damage)
             ... on level 2 of the Dungeon.
             The game lasted 00:01:40 (1317 turns).

Borgoz the Skirmisher (Ghoul Abyssal Knight)        Turns: 1317, Time: 00:01:41

Health: 0/31       AC:  3    Str: 15    XL:     3   Next: 45%
Magic:  3/3        EV: 11    Int:  7    God:    Lugonu [*.....]
Gold:   59         SH:  0    Dex:  9    Spells: 2/2 levels left

rFire    . . .     SeeInvis .     - Unarmed
rCold    + . .     Gourm    .   (no shield)
rNeg     + + +     Faith    .   e - +0 leather armour (curse)
rPois    ∞         Spirit   .   (no helmet)
rElec    .         Reflect  .   (no cloak)
rCorr    .         Harm     .   (no gloves)
MR       .....                  (no boots)
Stlth    +.........             (no amulet)
HPRegen  0.00/turn              (no ring)
MPRegen  0.08/turn              (no ring)

@: flying, rotting
A: rotting body, claws 1, carnivore, cold resistance 1, negative energy
resistance 3, inhibited regeneration, torment resistance, unbreathing
a: Depart the Abyss, Renounce Religion


You were on level 2 of the Dungeon.
You worshipped Lugonu.
Lugonu was aware of your devotion.
You were not hungry.

You visited 1 branch of the dungeon, and saw 2 of its levels.
You visited the Abyss 1 time.

You collected 59 gold pieces.

Inventory:

Armour
 e - a cursed +0 leather armour (worn)
Scrolls
 c - 3 scrolls of teleportation {unknown}
 f - 2 scrolls of remove curse {unknown}
 h - a scroll of amnesia {unknown}
 i - a scroll of fear
Potions
 g - a potion of lignification
Comestibles
 b - 3 rations


   Skills:
 + Level 3.6 Fighting
 + Level 2.2 Armour
 + Level 1.4 Dodging
 + Level 2.6 Unarmed Combat
 + Level 2.5 Invocations


You had 2 spell levels left.
You didn't know any spells.

Dungeon Overview and Level Annotations

Branches:
Dungeon (2/15)

Altars:
Cheibriados
Gozag

Annotations:
D:2 Robin


Innate Abilities, Weirdness & Mutations

Your body is rotting away.
You thrive on raw meat.
You are immune to poison.
You have sharp fingernails.
You are carnivorous and can eat meat at any time.
Your flesh is cold resistant. (rC+)
You are immune to negative energy. (rN+++)
You do not regenerate when monsters are visible.
You are immune to unholy pain and torment.
You can survive without breathing.


Message History

You scratch Robin but do no damage.
Robin is moderately wounded.
Robin hits you but does no damage.
You scratch Robin.
Robin is heavily wounded.
Robin barely misses you. Robin closely misses you.
You scratch Robin but do no damage.
Robin is heavily wounded.
Robin hits you but does no damage.
You closely miss Robin.
Robin is heavily wounded.
Robin hits you with a dagger. x2
You barely miss Robin.
Robin is heavily wounded.
Robin hits you with a dagger!
* * * LOW HITPOINT WARNING * * *
You scratch Robin but do no damage.
Robin is heavily wounded.
Robin hits you with a dagger.
You die...

#.#.##.....#
#..........
##.#.######.#
#.K.g......
#....######.#
#..........
##..........#
#gg.g......
#.##########
#.ggg...... #.#
#gg.......? #.#
#.########.
#.###############g#
#............)@ggK#
###################


You could see Robin (berserk), 2 hobgoblins and a kobold.

Vanquished Creatures
  A dart slug (D:1)
  6 bats
  4 giant cockroaches
  8 goblins (D:2)
  3 hobgoblins (D:1)
  3 kobolds (D:1)
  3 frilled lizards
  4 rats (D:1)
32 creatures vanquished.

Notes
Turn   | Place    | Note
-------+----------+-------------------------------------------
     0 | Abyss:1  | Borgoz the Ghoul Abyssal Knight began the quest for the Orb.
     0 | Abyss:1  | Reached XP level 1. HP: 19/19 MP: 1/1
    34 | Abyss:1  | Noticed a thrashing horror
    37 | D:1      | Escaped the Abyss
   319 | D:1      | Reached skill level 1 in Dodging
   414 | D:1      | Reached * piety under Lugonu
   418 | D:1      | Reached XP level 2. HP: 20/23 MP: 2/2
  1099 | D:2      | Reached XP level 3. HP: 31/31 MP: 3/3
  1100 | D:2      | Found an opulent altar of Gozag.
  1124 | D:2      | Found a snail-covered altar of Cheibriados.
  1273 | D:2      | Noticed Robin
  1317 | D:2      | Slain by Robin

Vault maps used:
D:1:      scummos_arrival_gate, minmay_door_square
D:2:      cheibriados_altar_1, first_ration, minivault_26, grunt_gozag_statues,
          uniq_robin

Skill      XL: |  1  2 |
---------------+-------+-----
Dodging        | 1 |  1.4
Armour         | 2 |  2.2
Fighting       | |  3.6
Unarmed Combat | |  2.6
Invocations    | |  2.5

Action                   || total
-------------------------++-------
Melee: Unarmed           ||    86
       Punch             ||     1
Invok: Depart the Abyss  ||     1
  Use: Scroll            ||     1
       Potion            ||     4
  Eat: Chunk             ||     5
Armor: Leather armour    ||    21
Dodge: Dodged            ||    31

Table legend:
 A = Spawn XP
 B = Non-spawn XP
 C = Spawn XP percentage of total XP
 D = Spawn monster count
 E = Non-spawn monster count
 F = Spawn count percentage of total count
 G = Total turns spent on level
                    A         B        C        D         E        F      G
               +---------+---------+-------+---------+---------+-------+---------
         Total |       0 |      56 |   0.0 |       0 |      32 |   0.0 |  1317
               +---------+---------+-------+---------+---------+-------+---------
           D:1 |       0 |      28 |   0.0 |       0 |      17 |   0.0 |   916
           D:2 |       0 |      28 |   0.0 |       0 |      15 |   0.0 |   364
               +---------+---------+-------+---------+---------+-------+---------
